 Dungeon Crawl Stone Soup version 0.17-a0-1115-g0372368 (webtiles) character file.

44 Hanyuu the Insei (level 3, 0/23 HPs)
             Began as an Octopode Transmuter on May 23, 2015.
             Succumbed to an adder's poison
             ... on level 2 of the Dungeon.
             The game lasted 00:02:14 (905 turns).

Hanyuu the Insei (Octopode Transmuter)               Turns: 905, Time: 00:02:15

Health: 0/23       AC:  1    Str:  9    XL:     3   Next: 60%
Magic:  6/6        EV: 12    Int: 16    God:
Gold:   12         SH:  0    Dex: 12    Spells: 3 memorised, 0 levels left

rFire  . . .     SeeInvis .       - Unarmed
rCold  . . .     Clarity  .     (no shield)
rNeg   . . .     SustAt   .     (helmet restricted)
rPois  .         Gourm    .     d - amulet of resist mutation
rElec  .         Spirit   .     h - +2 ring of slaying
rCorr  .         Warding  .     (no ring)
rMut   +         Stasis   .     (no ring)
MR     .....                    (no ring)
Stlth  ++........               (no ring)
                                (no ring)
                                (no ring)
                                (no ring)

@: lethally poisoned (0 -> -2), not resistant to hostile enchantments,
unstealthy
A: almost no armour, amphibious, 8 rings, constrict 8, camouflage 1, gelatinous
body 1
a: no special abilities


You were on level 2 of the Dungeon.
You were not hungry.

You visited 1 branch of the dungeon, and saw 2 of its levels.

You collected 12 gold pieces.

Inventory:

Missiles
 a - 46 arrows
 f - 4 curare-tipped needles
Jewellery
 d - an amulet of resist mutation (around mantle)
 h - a +2 ring of slaying (left tentacle)
Scrolls
 e - a scroll of enchant weapon {unknown}
Books
 b - a book of Changes

   Spells                             Type                      Level
   a - Beastly Appendage              Transmutation                1
   b - Sticks to Snakes               Transmutation                2
   c - Spider Form                    Transmutation/Poison         3
   d - Ice Form                       Ice/Transmutation            4
   e - Blade Hands                    Transmutation                5
Comestibles
 c - a bread ration
 g - a meat ration


   Skills:
 + Level 1.5 Fighting
 - Level 2.0 Dodging
 * Level 4.2 Unarmed Combat
 - Level 2.0 Spellcasting
 - Level 2.0 Transmutations


You couldn't memorise any spells.
You knew the following spells:

 Your Spells              Type           Power        Failure   Level  Hunger
a - Beastly Appendage     Trmt           #.....       10%         1    #......
b - Sticks to Snakes      Trmt           #.........   14%         2    ###....
c - Spider Form           Trmt/Pois      #.........   38%         3    ###....


Dungeon Overview and Level Annotations

Branches:
Dungeon (2/15)

Altars:


Innate Abilities, Weirdness & Mutations

You cannot wear most types of armour.
You are amphibious.
You can wear up to eight rings at the same time.
You can use your tentacles to constrict eight enemies at once.
Your skin changes colour to match your surroundings (Stealth).
Your rubbery body absorbs attacks (AC +1).


Message History

The adder barely misses you.
You are too injured to fight recklessly!
You tentacle-slap the adder.
The adder is moderately wounded.
You constrict the adder. The adder misses you.
You tentacle-slap the adder.
The adder is severely wounded.
You constrict the adder.
You feel sick. The adder bites you.
* * * LOW HITPOINT WARNING * * *
You bludgeon the adder!
You kill the adder!
You aren't carrying any potions.
Unknown command.
You aren't carrying any potions.
Things that are here:
a club; a scroll labeled YFACAL YCH Read which item? (? for menu, Esc to quit)
Okay, then.
There is a lethal amount of poison in your body!
You die...

< ######## ..
#......# ..#
#.>....# ....
#).....###..#
#.).......)##.#
#<..@.).†.....#
#......#####..#
#......#
#......#
########


There were no monsters in sight!

Vanquished Creatures
  An adder (D:2)
  An ooze (D:1)
  A bat (D:1)
  A giant cockroach (D:1)
  9 goblins
  2 hobgoblins
  6 jackals (D:1)
  A giant newt (D:1)
  2 kobolds (D:1)
  3 rats (D:1)
27 creatures vanquished.

Notes
Turn   | Place    | Note
--------------------------------------------------------------
     0 | D:1      | Hanyuu the Octopode Transmuter began the quest for the Orb.
     0 | D:1      | Reached XP level 1. HP: 13/13 MP: 3/3
   338 | D:1      | Reached XP level 2. HP: 18/18 MP: 3/5
   454 | D:1      | Reached skill level 4 in Unarmed Combat
   488 | D:1      | Reached XP level 3. HP: 16/23 MP: 6/6
   492 | D:1      | Learned a level 2 spell: Sticks to Snakes
   496 | D:1      | Learned a level 3 spell: Spider Form
   901 | D:2      | HP: 1/23 [adder (4)]
   905 | D:2      | Succumbed to an adder's poison

Vault maps used:
D:1:      dpeg_arrival_radiant

Action                   || total
-------------------------++-------
Melee: Unarmed           ||    60
 Cast: Beastly Appendage ||     2
